[Event "Early-Titled-Tuesday-Blitz-May-07-2024"]
[Site "Chess.com"]
[Date "2024.05.07"]
[Round "3"]
[White "nihalsarin"]
[Black "youngKID"]
[Result "1/2-1/2"]
[WhiteElo "3137"]
[BlackElo "2827"]
[TimeControl "180+1"]
[EndTime "8:33:23 PDT"]
[Termination "Game drawn by stalemate"]

1. d4 Nf6 2. c4 e6 3. Nf3 d5 4. Qb3 c6 5. Bg5 Nbd7 6. Nbd2 Qa5 7.
Bxf6 Nxf6 8. e3 Qb6 9. Qc2 c5 10. cxd5 exd5 11. Rc1 c4 12. b3 cxb3 13. Qxb3 Qxb3 14.
Nxb3 Bb4+ 15. Kd1 Ne4 16. Rc2 Nc3+ 17. Kd2 Nxa2+ 18. Kd1 Nc3+ 19. Kd2 Bf5 20. Bd3 Ne4+ 21. Ke2 O-O 22. Nc5 b6 23. Na6 Bd6 24. Ne5 Rac8 25.
Rhc1 Rxc2+ 26. Rxc2 Rc8 27. Nc6 Kf8 28. f3 Bxh2 29.
fxe4 dxe4 30. Bb5 Bg4+ 31. Kd2 f5 32. Nxa7 Rxc2+ 33. Kxc2 Bg1 34. Kd2 g5 35. Nc7 f4 36.
exf4 gxf4 37. Nd5 e3+ 38. Ke1 Bf2+ 39. Kf1 Bg3 40. Nc6 Be6 41. Nxb6 h5 42. d5 Bf5 43.
d6 f3 44. gxf3 Bxd6 45. Nd4 Bh3+ 46. Ke2 Bc5 47. Bd7 Bxd4 48. Bxh3 Bxb6 49. f4 Ke7 50.
Kf3 Kf6 51. Bf1 Ke7 52. Be2 Kf6 53. Kg3 Kg6 54. Bd3+ Kh6 55. Be2 Bc5 56. Kh3 Bd6 57. f5 Be5 58. Kg2 Kg5 59. Kh1 h4 60. f6 Bxf6 61.
Ba6 Kf4 62. Be2 Kg3 63. Ba6 Kf2 64. Bb5 Be5 65. Ba6 Bf4 66. Bb5 Bg3 67. Ba6 Ke1 68. Bb5 Kd2 69. Ba6 e2 70. Bxe2 Kxe2 71. Kg2 Ke3 72. Kh1 Kf3 73. Kg1 h3 74. Kh1 h2 1/2-1/2

[Event "Early-Titled-Tuesday-Blitz-May-07-2024"]
[Site "Chess.com"]
[Date "2024.05.07"]
[Round "3"]
[White "Root_21"]
[Black "kpio91"]
[Result "0-1"]
[WhiteElo "2599"]
[BlackElo "2870"]
[TimeControl "180+1"]
[EndTime "8:33:24 PDT"]
[Termination "kpio91 won by checkmate"]

1. e4 e5 2. Nf3 Nc6 3. Bb5 Nf6 4. O-O Nxe4 5. Re1 Nd6 6. Nxe5 Be7 7. Bd3 Nxe5 8. Rxe5 O-O 9. Re3 g6 10. b3 Bf6 11.
Nc3 Ne8 12. Bb2 d5 13. Re1 Ng7 14. Qf3 c6 15. Ba3 Re8 16. Rxe8+ Nxe8 17. Re1 Be6 18.
Ne2 Ng7 19. Nf4 Bf5 20. Nh5 Nxh5 21. Bxf5 Ng7 22. Bd3 Ne6 23. c3 Bg7 24. g3 Qa5 25.
Bd6 Qxa2 26. Qe3 Qa5 27. h4 d4 28. cxd4 Qd5 29. Be5 Nxd4 30. Bxd4 Bxd4 31. Qe2 Qd6 32.
Qf3 Rf8 33. h5 Kg7 34. Kg2 Qf6 35. Qe2 Rd8 36. Rh1 Rd6 37. h6+ Kf8 38. Bc4 b5 39.
Re1 Qd8 40. Bd3 Re6 41. Qf1 Qd5+ 42. f3 Qxb3 43. Rxe6 Qxe6 44. Be4 f5 45. Bd3 a5 46. Bxb5 cxb5 47. Qxb5 Bb6 48. Qa6 Qd6 49. Qa8+ Qd8 50.
Qb7 Qxd2+ 51. Kh3 Qxh6+ 52. Kg2 Qd2+ 53. Kh3 Qd6 54. Qxh7 Bc7 55. f4 a4 56. Qh8+ Ke7 57.
Qg7+ Kd8 58. Qg8+ Kd7 59. Qf7+ Kd8 60. Qg8+ Kd7 61. Qf7+ Kc6 62. Qc4+ Kb6 63. Qxa4 Qc6 64. Qb3+ Ka7 65. Qa2+ Kb8 66. Qg8+ Kb7 67. Qb3+ Kc8 68.
Qg8+ Bd8 69. Qf7 Qh1# 0-1

[Event "Early-Titled-Tuesday-Blitz-May-07-2024"]
[Site "Chess.com"]
[Date "2024.05.07"]
[Round "3"]
[White "chess_blitz00"]
[Black "mapleaff"]
[Result "0-1"]
[WhiteElo "2543"]
[BlackElo "2267"]
[TimeControl "180+1"]
[EndTime "8:33:25 PDT"]
[Termination "mapleaff won by checkmate"]

1. e4 c5 2. b3 b6 3. d4 cxd4 4. Qxd4 Nc6 5. Qd2 e6 6. Bb2 Nf6 7. Nc3 Bb4 8. f3 O-O 9. a3 Bc5 10. O-O-O a5 11. a4 Qe7 12. Bb5 Bb7 13. Nge2 Rac8 14. Kb1 Rfd8 15. Qg5 h6 16. Qg3 Na7 17. Bd3 e5 18. Bc4 Ba3 19. Ba1 Rxc4 20. bxc4 Qb4+ 21. Ka2 Ba6 22. Rb1 Bxc4+ 23. Rb3 Qe7 24. Rd1 Bc5 25.
Kb1 Bxb3 26. cxb3 Nc6 27. Nd5 Nxd5 28. exd5 Nd4 29. Nxd4 exd4 30. Re1 Qf6 31. Re4 Qf5 32. Qg4 Qxd5 33. Ka2 f5 34. Qh5 Qf7 35. Qxf7+ Kxf7 36. Re5 Kf6 37. f4 d6 38. Re2 Rc8 39.
Rc2 Re8 40. Rd2 Re4 41. Bb2 Rxf4 42. Kb1 Re4 43. Kc2 Ke6 44. Kd3 g5 45. Kc4 d5+ 46. Kb5 f4 47. Kc6 Re3 48. Bxd4 Bxd4 49. Rxd4 Rxb3 50.
Rd1 Rb4 51. Re1+ Re4 52. Rd1 Rxa4 53. Kb5 Rb4+ 54. Kc6 d4 55. Re1+ Kf5 56. Kd5 Rb5+ 57.
Kxd4 a4 58. Kc4 Ra5 59. Kb4 a3 60. Ra1 a2 61. h3 Ke4 62. Kb3 Ke3 63. Kb4 Kf2 64. Kc4 Kxg2 65. Kd4 f3 66. Ke4 f2 67. h4 gxh4 68. Ke3 f1=Q 69. Rxf1 Kxf1 70. Kd2 a1=Q 71. Ke3 Qe5+ 72. Kf3 Ra3+ 73. Kg4 Qg3+ 74. Kh5 Qg5# 0-1

[Event "Early-Titled-Tuesday-Blitz-May-07-2024"]
[Site "Chess.com"]
[Date "2024.05.07"]
[Round "3"]
[White "andrzej"]
[Black "Bykov_Egor"]
[Result "0-1"]
[WhiteElo "2445"]
[BlackElo "2619"]
[TimeControl "180+1"]
[EndTime "8:33:31 PDT"]
[Termination "Bykov_Egor won by checkmate"]

1. e4 e6 2. d4 d5 3. Nc3 Nf6 4. e5 Nfd7 5. f4 c5 6. Nf3 Nc6 7. Be3 a6 8. a3 b5 9. Bd3 Qb6 10. O-O Be7 11. Kh1 O-O 12. dxc5 Qc7 13. b4 f6 14.
exf6 Bxf6 15. Bd2 Bb7 16. Ng5 Bxg5 17. fxg5 Nce5 18. Qh5 g6 19. Qh4 Rae8 20. Bf4 Qc6 21. Bxe5 Nxe5 22. Qd4 Qc7 23. Bxb5 axb5 24. Nxb5 Qb8 25.
Nd6 Nc6 26. Qg4 Re7 27. Rfe1 Bc8 28. c4 dxc4 29. Qxc4 Kg7 30. b5 Nd8 31. a4 e5 32.
Qe4 Nf7 33. Nc4 Bf5 34. Qe2 e4 35. Qb2+ Kg8 36. c6 Rfe8 37. b6 e3 38. c7 Qb7 39.
Qf6 e2 40. Nd6 Nxd6 41. Qxd6 Be4 42. Qg3 Bc6 43. a5 Qa6 44. h4 Qb5 45. h5 Bb7 46. hxg6 hxg6 47. Kh2 Rf7 48. Ra2 Qc4 49. Rd2 Kg7 50.
c8=Q Rxc8 51. Rdxe2 Rh8+ 52. Kg1 Qd4+ 53. Rf2 Rhf8 54. Rf1 Rxf2 55. Rxf2 Qd1+ 56. Kh2 Rh8+ 57. Qh3 Rxh3+ 58. gxh3 Qd6+ 59. Kg1 Qd5 60. Rd2 Qh1+ 61. Kf2 Qf3+ 62. Ke1 Qe3+ 63. Re2 Qc3+ 64. Kf2 Kf7 65. Re3 Qc5 66. Ke2 Qc2+ 67. Ke1 Ba6 68. Rf3+ Ke7 69. Re3+ Kd6 70. Re2 Qxe2# 0-1

[Event "Early-Titled-Tuesday-Blitz-May-07-2024"]
[Site "Chess.com"]
[Date "2024.05.07"]
[Round "3"]
[White "SaiAgni_98"]
[Black "Let_it_be_1"]
[Result "1-0"]
[WhiteElo "2495"]
[BlackElo "2636"]
[TimeControl "180+1"]
[EndTime "8:33:32 PDT"]
[Termination "SaiAgni_98 won by resignation"]

1. c4 e6 2. g3 d5 3. Bg2 Nf6 4. Nf3 Be7 5. O-O O-O 6. b3 c5 7. cxd5 Nxd5 8. Bb2 Nc6 9. d4 cxd4 10. Nxd4 Bd7 11.
Nd2 Nxd4 12. Bxd4 Bc6 13. Nc4 Nb4 14. e4 Nc2 15. Qxc2 Qxd4 16. Rad1 Qc5 17. Rd2 Rac8 18. Ne3 Qa5 19. Nc4 Qh5 20. Qd1 Qc5 21. Qg4 h5 22.
Qe2 b5 23. Ne3 g6 24. Rc2 Qb6 25. Rfc1 Ba3 26. Rd1 Bb7 27. Rxc8 Rxc8 28. Qd2 Bc5 29. Re1 Rd8 30. Qe2 Bb4 31. Rd1 Bc5 32. Rxd8+ Qxd8 33. Qxb5 Bb6 34. Qe2 Qd4 35. h4 Bxe4 36. Nc4 Bxg2 37.
Kxg2 Bc5 38. Qf3 e5 39. Qe3 Qd5+ 40. Qf3 e4 41. Qf4 e3+ 42. Qf3 Qxf3+ 43. Kxf3 exf2 44.
Ke2 f6 45. Nd2 Kf7 46. Ne4 Bb6 47. Nxf2 Ke6 48. Nd3 Kf5 49. Kf3 g5 50. hxg5 fxg5 51. Nb4 g4+ 52. Kg2 Ke4 53. Nc6 Kd3 54. a4 a5 55. b4 axb4 56. Nxb4+ Ke4 57. Nc6 Kf5 58. Nb4 Kg5 59. Nd5 Ba5 60. Nf4 h4 61. Ne6+ Kf6 62. Nd4 h3+ 63. Kh2 Bb6 64. Nb3 Ba7 65. a5 Ke5 66.
Nd2 Kd4 67. a6 Ke3 68. Nc4+ Kf3 69. Ne5+ Kf2 70. Nxg4+ Kf1 71. Kxh3 Ke2 72. Ne5 Ke3 73. Nc6 Bb6 74. a7 1-0

[Event "Early-Titled-Tuesday-Blitz-May-07-2024"]
[Site "Chess.com"]
[Date "2024.05.07"]
[Round "3"]
[White "atomicmate123"]
[Black "Guldona_2007"]
[Result "0-1"]
[WhiteElo "2341"]
[BlackElo "2168"]
[TimeControl "180+1"]
[EndTime "8:33:33 PDT"]
[Termination "Guldona_2007 won on time"]

1. e4 c5 2. Nf3 d6 3. d4 cxd4 4.
Nxd4 Nf6 5. Nc3 Nc6 6. Bc4 Qb6 7. Nb3 e6 8. Be3 Qc7 9. O-O a6 10. a4 Ne5 11. Be2 Nc4 12. Bxc4 Qxc4 13. f3 Bd7 14. a5 Be7 15. Kh1 O-O 16. Qd2 Rac8 17.
Rfd1 Rfd8 18. Bb6 Re8 19. Qe3 Bb5 20. Nxb5 Qxb5 21. Nd4 Qd7 22. Qb3 Bd8 23. Bxd8 Rexd8 24. e5 dxe5 25. Nf5 Qc7 26. Ne3 Nd7 27. c3 Nc5 28.
Qc4 Nd7 29. Qxc7 Rxc7 30. Rd2 Kf8 31. Rad1 Ke7 32. Ng4 Rcc8 33. Kg1 f5 34. Ne3 Nc5 35. Kf2 Rxd2+ 36. Rxd2 Nb3 37. Re2 Nxa5 38. Nc2 Kf6 39. Nb4 Nb3 40. Nd3 Rd8 41. Nxe5 Nc5 42. Nc4 b5 43.
Na3 e5 44. b4 Na4 45. c4 bxc4 46. Nxc4 Nc3 47. Rc2 Nb5 48. Re2 Re8 49. Ra2 Re6 50. Ke3 Nc3 51. Ra3 Nb5 52. Kf2 Rc6 53. Na5 Nxa3 54.
Nxc6 Nc2 55. Ke2 e4 56. fxe4 fxe4 57. Kd2 Na3 58. Ke3 Kf5 59. Nb8 Nc4+ 60. Kd4 e3 61. Kd3 Kf4 0-1

[Event "Early-Titled-Tuesday-Blitz-May-07-2024"]
[Site "Chess.com"]
[Date "2024.05.07"]
[Round "3"]
[White "Louis-Paulsen-Fan"]
[Black "DeArron_Fox"]
[Result "1-0"]
[WhiteElo "2364"]
[BlackElo "2505"]
[TimeControl "180+1"]
[EndTime "8:33:37 PDT"]
[Termination "Louis-Paulsen-Fan won on time"]

1. d4 d5 2. Nf3 Nf6 3. c4 e6 4.
Nc3 Be7 5. Bg5 h6 6. Bh4 O-O 7. e3 b6 8. Bd3 Bb7 9. O-O Nbd7 10.
Qe2 c5 11. Rfd1 Rc8 12. Ne5 cxd4 13. exd4 dxc4 14. Bxc4 Nd5 15. Bxd5 Bxd5 16. Nxd7 Qxd7 17. Bxe7 Bc4 18. Qe5 Qxe7 19. d5 Qc5 20. b3 Bxd5 21.
Nxd5 exd5 22. Rxd5 Qc2 23. h3 Rfe8 24. Qd4 Re2 25. Rd7 Qb2 26. Rd1 Qxd4 27. R1xd4 Rcc2 28. Rf4 f6 29. Rxa7 Rxa2 30. Rxa2 Rxa2 31. Rb4 Ra1+ 32. Kh2 Ra6 33. Kg3 Kf7 34. Rc4 g5 35. Rc7+ Kg6 36. Rb7 h5 37. f4 h4+ 38. Kg4 f5+ 39. Kf3 Ra3 40. Rxb6+ Kh5 41. fxg5 Kxg5 42. Rb8 Ra1 43. b4 Ra3+ 44. Kf2 Kf4 45. b5 Ra2+ 46. Kg1 Kg3 47.
Rg8+ Kf4 48. b6 Rb2 49. Rb8 Kg3 50. Rg8+ Kf4 51. Rg6 Ke3 52. Rc6 f4 53. Re6+ Kd4 54.
Rh6 Ke3 55. Re6+ Kd4 56. Rh6 Ke3 57. Rxh4 Rb1+ 58. Kh2 Rxb6 59. Rh8 Kf2 60. Rf8 Rb4 61. g3 f3 62. h4 Re4 63. h5 Ke2 64. Kg1 Rg4 65.
Re8+ Kd3 66. Kf2 Rg5 67. Kxf3 Rxh5 68. g4 Rh7 69. Kf4 Rf7+ 70. Kg5 Rg7+ 71. Kh5 Kd4 72.
g5 Kd5 73. Kh6 Ra7 74. g6 Kd6 75. g7 1-0

[Event "Early-Titled-Tuesday-Blitz-May-07-2024"]
[Site "Chess.com"]
[Date "2024.05.07"]
[Round "3"]
[White "jcibarra"]
[Black "SharapovEvgeny"]
[Result "1/2-1/2"]
[WhiteElo "2946"]
[BlackElo "2635"]
[TimeControl "180+1"]
[EndTime "8:33:39 PDT"]
[Termination "Game drawn by stalemate"]

1. e4 c5 2. Nf3 d6 3. c3 Nf6 4. h3 Nc6 5. Bd3 e5 6. Bc2 Be7 7. d4 O-O 8. d5 Nb8 9. O-O b5 10. a4 b4 11. c4 Ne8 12. b3 g6 13. Nh2 Ng7 14. f4 f6 15. Be3 Nd7 16. Nd2 exf4 17.
Bxf4 Ne5 18. Ndf3 Bd7 19. Qd2 Qc7 20. Rae1 Rae8 21. Bh6 Nf7 22. Bf4 Ne5 23. Rf2 Rf7 24.
Ref1 Ref8 25. Bb1 Bd8 26. Bh6 Bc8 27. Bc2 Qe7 28. Kh1 a5 29. Re1 Qc7 30. Bd1 Qe7 31. Ref1 Qc7 32. Nxe5 fxe5 33. Bg4 Rxf2 34. Rxf2 Rxf2 35.
Qxf2 Bxg4 36. Nxg4 Qf7 37. Qe3 Qf1+ 38. Kh2 Nh5 39.
Bg5 Bxg5 40. Qxg5 Qf4+ 41. Qxf4 Nxf4 42. Nf6+ Kf7 43. Nxh7 Nd3 44. Ng5+ Ke7 45. Nf3 Kf6 46.
h4 Nc1 47. Nd2 Ne2 48. g3 Kg7 49. Kh3 Kh6 50. Kg4 Nd4 51. Kh3 Kh5 52. g4+ Kh6 53. Kg3 Ne2+ 54. Kf2 Nd4 55. Kg2 Ne2 56. Nf3 Nc1 57.
Ng5 Nxb3 58. Nf7+ Kg7 59. Nxd6 Nd2 60. Nb5 b3 61. d6 b2 62. Nc3 Kf7 63. h5 gxh5 64.
g5 Nxe4 65. g6+ Kxg6 66. d7 Nxc3 67. d8=Q b1=Q 68. Qg8+ Kf5 69. Qh7+ Kf4 70. Qh6+ Ke4 71. Qxh5 Qc2+ 72. Kg3 Qd3+ 73. Kh4 Qxc4 74. Qe8 Ke3+ 75. Kh3 Ne4 76. Qxe5 Qe2 77. Qe7 Qf3+ 78. Kh2 Qg3+ 79. Kh1 Qh3+ 80. Kg1 Qg3+ 81. Kh1 c4 82. Qxe4+ Kxe4 1/2-1/2

[Event "Early-Titled-Tuesday-Blitz-May-07-2024"]
[Site "Chess.com"]
[Date "2024.05.07"]
[Round "3"]
[White "Aryan_Tamadon"]
[Black "svilson23"]
[Result "0-1"]
[WhiteElo "2553"]
[BlackElo "2291"]
[TimeControl "180+1"]
[EndTime "8:33:40 PDT"]
[Termination "svilson23 won on time"]

1. Nf3 d5 2. d3 c6 3. Bd2 g6 4. Qc1 Bg7 5. g3 h5 6. Bg2 e5 7. a4 Bg4 8. e4 Ne7 9. Nc3 Na6 10. h3 Bd7 11. exd5 Nxd5 12. O-O O-O 13. Re1 Re8 14. Bh6 Nxc3 15. Bxg7 Kxg7 16. bxc3 Qf6 17. Re3 Nc7 18. c4 Re7 19. Qb2 Rae8 20. Rae1 e4 21. Qxf6+ Kxf6 22. dxe4 Na6 23. e5+ Kg7 24. a5 Bf5 25.
Nd4 Be6 26. Bf1 Nc5 27. c3 Rd8 28. f4 Bc8 29. Kf2 Ne6 30. Rd1 Kg8 31. Rd2 Red7 32. Red3 Nc5 33. Re3 Nb3 34. Nxb3 Rxd2+ 35. Nxd2 Rxd2+ 36.
Be2 Be6 37. Rd3 Rxe2+ 38. Kxe2 Bxc4 39. Ke3 Bxd3 40. Kxd3 Kf8 41. g4 h4 42. f5 gxf5 43. gxf5 Ke7 44. c4 b5 45. cxb5 cxb5 46. Kd4 a6 47. Kc5 Kd7 48. Kd5 Ke7 49. f6+ Kd7 50. Ke4 Ke6 51. Kd4 b4 52. Kc4 Kxe5 53. Kxb4 Kxf6 54. Kc5 Ke5 55. Kb6 f5 56. Kxa6 f4 57. Kb6 f3 58. a6 f2 59. a7 f1=Q 60. a8=Q Qb1+ 61. Kc5 Qc2+ 62. Kb6 Qb2+ 63. Kc7 Qc3+ 64. Kd7 Qxh3+ 65. Ke7 Qe6+ 66. Kf8 h3 67. Qa5+ Kf6 68. Qc3+ Kg5 69. Qg3+ Qg4 70. Qe5+ Qf5+ 71. Qxf5+ Kxf5 0-1

[Event "Early-Titled-Tuesday-Blitz-May-07-2024"]
[Site "Chess.com"]
[Date "2024.05.07"]
[Round "3"]
[White "2346PL"]
[Black "bascheyaro"]
[Result "1-0"]
[WhiteElo "2547"]
[BlackElo "2832"]
[TimeControl "180+1"]
[EndTime "8:33:48 PDT"]
[Termination "2346PL won by checkmate"]

1. d4 d5 2. Nf3 Nf6 3. c3 c6 4. Bf4 Bf5 5. e3 Qb6 6. Qb3 Nbd7 7.
Nbd2 e6 8. Nh4 Be4 9. f3 Bg6 10. Nxg6 hxg6 11. Bd3 Nh5 12. Qxb6 axb6 13. Kf2 Nxf4 14.
exf4 b5 15. a3 Bd6 16. g3 Kd8 17. h4 Kc7 18. Nf1 Nb6 19. Ne3 Nc4 20. Bxc4 bxc4 21. Rae1 c5 22. dxc5 Bxc5 23. Kg2 b5 24. Ng4 Kd6 25.
Ne5 Ra7 26. g4 Rb7 27. Rd1 Ke7 28. Kg3 Bd6 29. Rhe1 Rc8 30. g5 Kf8 31. Rd2 Rbc7 32. Rh1 Ke7 33. h5 Rh8 34. Rdh2 gxh5 35. Rxh5 Rxh5 36.
Rxh5 g6 37. Rh8 Rb7 38. Rc8 Bxe5 39. fxe5 Kd7 40. Rf8 Kc6 41. Kf2 Kb6 42. Ke3 Ka5 43.
Ra8+ Kb6 44. Kd4 Rd7 45. Rb8+ Kc6 46. Rc8+ Kb7 47. Rf8 Rc7 48. f4 Kb6 49. Rb8+ Kc6 50. Rf8 Rb7 51. Rc8+ Kb6 52. Rf8 Ra7 53. Rb8+ Kc6 54.
Rc8+ Kb7 55. Rf8 Ka6 56. Kc5 Rc7+ 57. Kd6 Rb7 58. Rc8 Kb6 59. Rc6+ Ka5 60. Rc5 Ka4 61. Kc6 Rb8 62. Kc7 Ra8 63. Kb6 Rb8+ 64. Ka7 Rh8 65. Kb6 Rf8 66. Ka6 Rb8 67. Ka7 Rd8 68. Ka6 Re8 69. Kb6 Ra8 70. Kb7 Rg8 71. Ka6 Rh8 72. Kb6 Rd8 73. Ka6 d4 74. cxd4 Rxd4 75. Rxb5 c3 76. bxc3 Rd8 77. c4 Kxa3 78. Kb7 Rd4 79.
c5 Ka4 80. Rb6 Re4 81. c6 Rxf4 82. c7 Rf5 83. c8=Q Rxe5 84. Qc4+ Ka5 85. Ra6# 1-0

[Event "Early-Titled-Tuesday-Blitz-May-07-2024"]
[Site "Chess.com"]
[Date "2024.05.07"]
[Round "3"]
[White "RojonR"]
[Black "igorkovalenko"]
[Result "0-1"]
[WhiteElo "2540"]
[BlackElo "2941"]
[TimeControl "180+1"]
[EndTime "8:33:49 PDT"]
[Termination "igorkovalenko won by resignation"]

1. e4 d5 2. exd5 Qxd5 3. Nc3 Qa5 4. d4 Nf6 5. Bc4 Nc6 6. Nf3 Bg4 7. h3 Bxf3 8. Qxf3 O-O-O 9. d5 Nd4 10. Qd3 e5 11. O-O Bb4 12. Bg5 Kb8 13. a3 Bxc3 14. bxc3 Ne6 15. Bxf6 gxf6 16. Qf3 Nf4 17. Rab1 Rd6 18. Kh2 Qc5 19. Ba2 Rhd8 20. Rfd1 a6 21. g3 Ng6 22.
Rb4 Ne7 23. Rdb1 b6 24. c4 f5 25. a4 Ka7 26. Qe3 Qxe3 27. fxe3 c5 28. R4b2 a5 29. Rf1 Rg8 30. c3 Rdg6 31. Rg2 h5 32. Bb1 e4 33. h4 Kb7 34. Rf4 Kc7 35. Bc2 Kd6 36. Bd1 Rh6 37. Rb2 Ke5 38. Rf1 Rhg6 39. Rg2 Rh6 40. Rb2 Rb8 41. Rg2 Nc8 42. Rb2 Nd6 43. Be2 Ne8 44. Rg1 Nf6 45. Rf1 Rg6 46. Rg1 Rh6 47.
Rf1 Ne8 48. Rg1 Nd6 49. Rf1 Kf6 50. Rg1 Kg6 51. Rgb1 Nc8 52. Rb5 Ra8 53. Rd1 Ra7 54. Rdb1 Kg7 55. Rf1 Kf6 56. Rf2 Ke5 57. Rf1 Rd7 58.
Rfb1 Rdd6 59. Rf1 Kf6 60. Rg1 Kg6 61. Rf1 Rh8 62. Rfb1 Re8 63. Rf1 Rf6 64. Rfb1 Kh6 65. Rf1 Rg8 66. Rfb1 f4 67. exf4 Rfg6 68. Rg1 Rd6 69.
Rf1 Rdg6 70. Rg1 Ne7 71. Rg2 Nf5 72. Rg1 Nxg3 73. Bd1 Nf5 74. Rg5 Ne3 75. Rxh5+ Kg7 76. Rg5 Nxd1 77. Rxg6+ Kxg6 78. Rxb6+ Kf5 79. Rc6 Kxf4 80.
Rc7 f5 81. d6 Ne3 82. Rxc5 Kf3 83. Re5 Ng4+ 0-1

[Event "Early-Titled-Tuesday-Blitz-May-07-2024"]
[Site "Chess.com"]
[Date "2024.05.07"]
[Round "3"]
[White "tomesao"]
[Black "littlepinkyboy"]
[Result "1/2-1/2"]
[WhiteElo "2500"]
[BlackElo "2658"]
[TimeControl "180+1"]
[EndTime "8:33:51 PDT"]
[Termination "Game drawn - insufficient material"]

1. Nf3 d5 2. c4 c6 3. e3 Nf6 4. b3 g6 5. Nc3 Bg7 6. Bb2 O-O 7. Be2 Nbd7 8. d4 b6 9. O-O Bb7 10. cxd5 cxd5 11. Rc1 Rc8 12. Ne5 Nxe5 13. dxe5 Nd7 14.
f4 Nc5 15. Bf3 Ba6 16. Nxd5 Bxf1 17. Qxf1 e6 18. Nf6+ Kh8 19. Bd4 Nd7 20. Rd1 Nxf6 21. exf6 Bxf6 22. Be5 Qe7 23. Bd6 Qe8 24. Bxf8 Qxf8 25.
e4 Qc5+ 26. Kh1 Rd8 27. e5 Rxd1 28. Qxd1 Be7 29. g3 Kg7 30. Kg2 Qe3 31. Qe2 Qd4 32. Qf2 Qd3 33. Qe2 Qb1 34. h4 Bc5 35. Kh3 Qg1 36. h5 gxh5 37. Bxh5 Bf2 38. Qg4+ Kf8 39. Qf3 Be1 40. Qg2 Qxg2+ 41. Kxg2 Kg8 42. Kf3 Bd2 43. g4 Bc3 44. Ke4 Kg7 45. f5 exf5+ 46. gxf5 Bb2 47. f6+ Kf8 48. Kf5 Bc3 49. Bf3 a5 50. a4 h6 51. Bh5 Bb2 52. Ke4 Bc3 53. Kd5 Ba1 54.
Kd6 Bd4 55. Kd5 Bc3 56. Ke4 Bb4 57. Kf5 Bc3 58. e6 fxe6+ 59. Kxe6 Bb2 60. f7 Bd4 61. Kd5 Bc5 62. Kc6 Bd4 63. Kb5 Bc5 64. b4 axb4 65.
a5 bxa5 66. Kxc5 b3 67. Kc4 b2 68. Bg6 a4 69. Kb4 Kg7 70. Bb1 Kxf7 71. Kxa4 h5 72. Kb3 Kf6 73. Kxb2 Ke5 74. Bd3 h4 75. Bf1 Kf4 76.
Bh3 Kg3 77. Bc8 Kg2 78. Bd7 Kg3 79. Be6 h3 80. Bxh3 1/2-1/2

[Event "Early-Titled-Tuesday-Blitz-May-07-2024"]
[Site "Chess.com"]
[Date "2024.05.07"]
[Round "3"]
[White "NajdorfPlayerc5"]
[Black "Unkreativ3"]
[Result "1/2-1/2"]
[WhiteElo "2428"]
[BlackElo "2596"]
[TimeControl "180+1"]
[EndTime "8:33:54 PDT"]
[Termination "Game drawn by repetition"]

1. e4 e6 2. d4 d5 3. Nc3 Nf6 4. e5 Nfd7 5. f4 c5 6. Nf3 Nc6 7. Be3 Qb6 8. Qd2 cxd4 9. Nxd4 Qxb2 10. Rb1 Qa3 11. Bb5 Nxd4 12. Bxd4 a6 13. Bxd7+ Bxd7 14. Rb3 Qe7 15. Rxb7 Qh4+ 16. g3 Qd8 17. Bb6 Qc8 18. Rc7 Qd8 19. O-O Rc8 20. Rb7 Qe7 21. Na4 Qb4 22.
Qxb4 Bxb4 23. Rb1 Be7 24. Rc7 Rxc7 25. Bxc7 Bxa4 26. Rb8+ Kd7 27. Rxh8 Kxc7 28. Rxh7 Bf8 29. Rh8 Bc5+ 30. Kf1 Kd7 31. Rh7 Bf8 32. Rh8 Ke8 33.
h4 Bxc2 34. Ke2 Bb1 35. h5 Bxa2 36. g4 Ke7 37. g5 Bb1 38. h6 gxh6 39. gxh6 a5 40.
h7 Bg7 41. Rg8 Bxe5 42. fxe5 Bxh7 43. Ra8 Be4 44. Rxa5 Kf8 45. Ke3 Kg7 46. Ra7 Bg6 47.
Kf4 Kh6 48. Ra8 d4 49. Rd8 d3 50.
Rh8+ Kg7 51. Rd8 Bf5 52. Rd7 Kg6 53. Rd8 f6 54. exf6 Kxf6 55. Rd6 Bg6 56. Ke3 Ke5 57. Rd8 Bf5 58. Rd7 Kf6 59. Rd8 e5 60. Rxd3 Bxd3 61. Kxd3 Kf5 62. Ke3 e4 63. Ke2 Kf4 64. Kf2 Kf5 65.
Ke3 Ke5 66. Ke2 Kd4 67. Kd2 Kc4 68. Kc2 Kd5 69. Kd2 Kd4 70. Ke2 e3 71. Ke1 Ke4 72.
Ke2 Kf4 73. Ke1 Kf5 74. Ke2 Ke4 75. Ke1 Ke5 76. Ke2 Kd4 77. Ke1 Kd3 78. Kd1 Kc4 79. Ke2 Kd4 1/2-1/2

[Event "Early-Titled-Tuesday-Blitz-May-07-2024"]
[Site "Chess.com"]
[Date "2024.05.07"]
[Round "3"]
[White "FLYD"]
[Black "Perecke"]
[Result "1/2-1/2"]
[WhiteElo "2019"]
[BlackElo "2540"]
[TimeControl "180+1"]
[EndTime "8:34:12 PDT"]
[Termination "Game drawn by repetition"]

1. e4 c5 2. Nf3 e6 3. d4 cxd4 4. Nxd4 Nc6 5. Nc3 Qc7 6. f4 a6 7. Nxc6 bxc6 8. Bd3 d5 9. O-O Nf6 10. Kh1 h5 11. Qf3 Bc5 12. Bd2 Ba7 13. Rae1 Ng4 14. exd5 O-O 15. dxc6 Qb6 16. Ne4 f5 17. Ng5 Nf2+ 18.
Rxf2 Qxf2 19. Qxf2 Bxf2 20. Re2 Bd4 21. c3 Bf6 22.
Nxe6 Bxe6 23. Rxe6 Rfd8 24. Bc4 Kh7 25. Re2 Rac8 26. Be6 Rxc6 27. Bxf5+ g6 28. Be4 Re6 29. Bxg6+ Kxg6 30. Rxe6 Rxd2 31. h3 Rxb2 32. Rxa6 Kf5 33. g4+ Kxf4 34. Rxf6+ Kg3 35. Rf1 h4 36. Rg1+ Kxh3 37.
Rf1 Kxg4 38. Ra1 Kg3 39. a4 Rb6 40. a5 Ra6 41. c4 h3 42. c5 Kf2 43. Kh2 Ke3 44.
Kxh3 Kd4 45. Kg4 Kxc5 46. Kf4 Rf6+ 47. Ke4 Rh6 48. a6 Rh4+ 49. Kf5 Rh8 50. Ke6 Ra8 51.
Kd7 Kb6 52. Rb1+ Ka7 53. Kc6 Rc8+ 54. Kd7 Rh8 55. Ra1 Rh7+ 56. Kc8 Rg7 57. Kd8 Rf7 58.
Kc8 Rf5 59. Kd8 Rd5+ 60. Kc7 Rd4 61. Kc6 Rd8 62. Kb5 Rd6 63. Ra2 Rd8 64. Rh2 Rd5+ 65. Kc6 Rg5 66. Ra2 Rg1 67. Kb5 Rc1 68. Kb4 Rc8 69.
Kb5 Rc7 70. Ra1 Rc3 71. Ra2 Rc1 72. Rf2 Rb1+ 73. Ka5 Ra1+ 74. Kb5 Rb1+ 75. Ka5 Rh1 76. Rf7+ Ka8 77. Rf6 Ra1+ 78. Kb6 Rb1+ 79. Kc7 Ka7 80. Re6 Rc1+ 81. Rc6 Rh1 82. Kd6 Rh6+ 83. Kc5 Rh5+ 84.
Kb4 Rg5 85. Rh6 Rg4+ 86. Kb5 Rg1 87. Rh7+ Ka8 88. Rh6 Rb1+ 89. Ka5 Ra1+ 90. Kb6 Rb1+ 91. Ka5 Rc1 92. Rh8+ Ka7 93. Rh7+ Ka8 94. Rh8+ Ka7 95. Rh7+ Kb8 96. Rh8+ Ka7 1/2-1/2

[Event "Early-Titled-Tuesday-Blitz-May-07-2024"]
[Site "Chess.com"]
[Date "2024.05.07"]
[Round "3"]
[White "Chesmc"]
[Black "Rhesh29"]
[Result "1/2-1/2"]
[WhiteElo "2092"]
[BlackElo "2357"]
[TimeControl "180+1"]
[EndTime "8:34:27 PDT"]
[Termination "Game drawn - insufficient material"]

1. d4 Nf6 2. Nf3 g6 3. Nc3 d5 4. Bf4 Bg7 5. e3 O-O 6. h3 c5 7. Be2 Nc6 8. O-O cxd4 9. exd4 Re8 10. Ne5 Nd7 11. Nxd5 Ndxe5 12. dxe5 Nxe5 13. c4 e6 14. Nc3 Nc6 15. Qxd8 Rxd8 16. Rad1 Nd4 17. b3 Nxe2+ 18. Nxe2 Re8 19. c5 e5 20. Be3 f5 21. Nc3 f4 22.
Bc1 Bf5 23. Nd5 Rac8 24. b4 Kf7 25. Rfe1 g5 26. Nc3 e4 27. Nb5 Rc6 28. Nd6+ Rxd6 29. cxd6 Rd8 30. Ba3 Rd7 31. b5 Bc3 32. Re2 Bf6 33. Rc2 f3 34. Rc7 h5 35. Bc5 b6 36.
Be3 g4 37. hxg4 hxg4 38. g3 Be5 39. Bf4 Bxf4 40. gxf4 Ke6 41. Rxd7 Kxd7 42. a4 Be6 43. Rb1 Kxd6 44. Kh2 Bf5 45. Kg3 Kc5 46. Kh4 e3 47. Rc1+ Kd5 48. fxe3 Ke4 49. Kg3 Kxe3 50. Re1+ Kd4 51.
Re7 Kc4 52. Rxa7 Bd3 53. Kf2 Kc5 54. Rc7+ Kb4 55. Re7 Kxa4 56. Re3 Bxb5 57. f5 Bc4 58. Re4 Kb5 59. Rxg4 Bd5 60. f6 Kc5 61. Rg5 Kd6 62.
Rf5 Bf7 63. Rxf3 b5 64. Rd3+ Ke6 65. Rf3 b4 66. Ke3 b3 67. Kd2 Kd6 68. Kc1 Kd7 69. Kb2 Ke8 70. Re3+ Kf8 71. Re7 Kg8 72. Rb7 Kf8 73.
Rb8+ Be8 74. Kxb3 Kf7 75. Rb6 Bd7 76. Kc3 Be6 77. Kd4 Kxf6 78. Ke4 Kf7 79. Ke5 Bc4 80.
Rb7+ Kg8 81. Rc7 Bb3 82. Kf6 Kh8 83. Rc8+ Bg8 84. Rb8 Kh7 85. Kg5 Kh8 86. Rb6 Kh7 87. Rh6+ Kg7 88. Rg6+ Kh7 89. Rf6 Kg7 90. Rb6 Kh7 91.
Rb7+ Kh8 92. Kf6 Bh7 93. Rb8+ Bg8 94. Rb3 Bxb3 1/2-1/2